 Dungeon Crawl Stone Soup version 0.27-a0-1193-g8631133539 (webtiles) character file.

Game seed: 10701488153586874821

364 bande the Covered (level 6, -8/38 HPs)
             Began as a Gargoyle Fighter on May 26, 2021.
             Mangled by an ogre
             ... wielding a +0 giant club
              (12 damage)
             ... on level 4 of the Dungeon.
             The game lasted 00:06:44 (4161 turns).

bande the Covered (Gargoyle Fighter)                Turns: 4161, Time: 00:06:45

Health: -8/38      AC: 16    Str: 18 (20) XL:     6   Next: 67%
Magic:  6/6        EV:  7    Int:  8 (9)  God:
Gold:   131        SH:  9    Dex:  9 (10) Spells: 5/5 levels left

rFire    . . .     SeeInvis +   a - +1 war axe
rCold    . . .     Faith    .   c - +0 kite shield
rNeg     + . .     Spirit   .   b - +0 scale mail
rPois    ∞         Reflect  .   k - +1 helmet {SInv}
rElec    +         Harm     .   (no cloak)
rCorr    .         Rampage  .   g - +0 pair of gloves
Will     .....                  i - +0 pair of boots
Stlth    ..........             (no amulet)
HPRegen  0.12/turn              (no ring)
MPRegen  0.10/turn              (no ring)

@: mighty
A: sickness immunity, AC +4, negative energy resistance 1, electricity
resistance, torment resistance 1, petrification resistance
a: no special abilities


You were on level 4 of the Dungeon.
You visited 1 branch of the dungeon, and saw 4 of its levels.

You collected 131 gold pieces.

Inventory:

Hand Weapons
 a - a +1 war axe (weapon)
 h - a +0 flail
Missiles
 e - 3 atropa-tipped darts (quivered)
Armour
 b - a +0 scale mail (worn)
 c - a +0 kite shield (worn)
 g - a +0 pair of gloves (worn)
 i - a +0 pair of boots (worn)
 k - a +1 helmet of see invisible (worn)
Scrolls
 l - a scroll of magic mapping
Potions
 m - a potion of curing {unknown}
 n - a potion of magic {unknown}
 o - a potion of ambrosia {unknown}
 p - a potion of haste {unknown}


   Skills:
 + Level 4.1 Fighting
 + Level 4.1 Axes
 + Level 4.5 Armour
 + Level 1.2 Dodging
 + Level 4.5 Shields


You had 5 spell levels left.
You didn't know any spells.
Your spell library contained the following spells:

 Spells                   Type           Power      Damage    Failure   Level
 Summon Small Mammal      Summ           0%         N/A       99%         1
 Call Imp                 Summ           0%         N/A       100%        2
 Call Canine Familiar     Summ           0%         N/A       100%        3
 Summon Guardian Golem    Hex/Summ       0%         N/A       100%        3
 Summon Ice Beast         Ice/Summ       0%         N/A       100%        4
 Summon Lightning Spire   Summ/Air       0%         N/A       100%        4


Dungeon Overview and Level Annotations

Branches:
Dungeon (4/15)
 Temple: D:4-7

Altars:
Wu Jian
The Shining One


Innate Abilities, Weirdness & Mutations

You are immune to sickness and miasma.
Your stone body is resilient. (AC +4)
You are immune to poison.
You resist negative energy. (rN+)
You are resistant to electric shocks. (rElec)
You are resistant to unholy torment.
You are immune to petrification.


Message History

The ball python constricts you.
You barely miss the ball python.
The ball python bites you but does no damage.
The ball python constricts you.
A ball python comes into view.
You closely miss the ball python.
The ball python hisses angrily.
The ball python bites you but does no damage.
The ball python constricts you. The ball python barely misses you.
The ball python constricts you.
You slash the ball python!
You kill the ball python!
The ball python bites you but does no damage.
The ball python grabs you. The ball python constricts you.
You see here a +0 hand axe.
You completely miss the ball python.
You feel a little less clever now. The ball python bites you.
The ball python constricts you.
You hit the ball python.
You kill the ball python!
You see here a ball python corpse.
Found a stone staircase leading up.
e - 3 atropa-tipped darts An ogre comes into view.
It is wielding a +0 giant club.
The ogre shouts!
An endoplasm comes into view.
You start to feel less resistant.
Found a metal-bound book.
You completely miss the ogre. The ogre hits you with a +0 giant club!
You feel very mighty all of a sudden.
The ogre hits you with a +0 giant club!!
Ouch! That really hurt!
* * * LOW HITPOINT WARNING * * *
The endoplasm freezes you.
You are frozen.
You resist.
You barely miss the ogre. You slash the endoplasm!
You kill the endoplasm!
Your resistance to elements expires.
The ogre hits you with a +0 giant club!
You die...

#.. #...# ####.##...
#...#...# ###....)....
<##...##..###.......>...
...........†)..###.....(
#....#...###.........#.
. #.....#....#...##### .
###.....#.##.###
....#......##.# .#
......O@...##....
...............
..##.......!... .
#.........##
......##..... #......#
..... #.:.#..# ....#
#.#.##.. ..##


You could see an ogre.

Vanquished Creatures
  A black bear (D:4)
  Jessica (D:2)
  Natasha (twice) (D:2)
  Robin (D:2)
  3 gnolls
  7 adders
  An adder skeleton (D:4)
  4 worms
  A dart slug (D:3)
  An orc (D:4)
  5 endoplasms
  5 giant cockroaches
  11 goblins
  6 hobgoblins
  4 jackals
  A quokka (D:1)
  7 ball pythons
  10 bats
  5 frilled lizards
  5 kobolds
  5 rats
86 creatures vanquished.

Notes
Turn   | Place    | Note
-------+----------+-------------------------------------------
     0 | D:1      | bande the Gargoyle Fighter began the quest for the Orb.
     0 | D:1      | Reached XP level 1. HP: 14/14 MP: 1/1
   365 | D:1      | Reached XP level 2. HP: 19/19 MP: 2/2
   781 | D:1      | Reached XP level 3. HP: 23/23 MP: 3/3
  1104 | D:2      | Noticed Jessica
  1110 | D:2      | Killed Jessica
  1111 | D:2      | Reached XP level 4. HP: 18/29 MP: 4/4
  1790 | D:2      | Reached XP level 5. HP: 23/33 MP: 5/5
  1925 | D:2      | Noticed Robin
  1925 | D:2      | Noticed Natasha
  1932 | D:2      | Killed Natasha
  1948 | D:2      | Killed Robin
  2460 | D:2      | Noticed Natasha
  2467 | D:2      | Killed Natasha
  2468 | D:2      | Reached skill level 1 in Dodging
  2619 | D:3      | Reached XP level 6. HP: 30/38 MP: 6/6
  2830 | D:3      | Found a faded altar of an unknown god.
  2978 | D:3      | Found a glowing golden altar of the Shining One.
  3518 | D:3      | Found an ornate altar of the Wu Jian Council.
  3806 | D:4      | Noticed a black bear
  3822 | D:4      | Killed a black bear
  4161 | D:4      | Mangled by an ogre

Illustrated notes

Levels and vault maps discovered:
D:1:      eino_arrival_cavern_a, layout_loops_cross, st_stairs_5
D:2:      layout_basic, uniq_jessica, uniq_natasha, uniq_robin
D:3:      layout_basic, marbit_many_paths, pdpol_wu_jian_five_deadly_venoms,
          basic_ecumenical_altar, feat_on_display
D:4:      layout_rooms, general_overflow_altar, xom_butterflies

Skill      XL: |  1  2  3  4  5  6 |
---------------+-------------------+-----
Axes           | 2 3 4 |  4.1
Shields        | 4 |  4.5
Armour         | 4 |  4.5
Dodging        | 1 |  1.2
Fighting       | 4 |  4.1

Action                   |  1- 3 |  4- 6 || total
-------------------------+-------+-------++-------
Melee: War axe           |    88 |   171 ||   259
  Use: Scroll            |       |     4 ||     4
       Potion            |       |     5 ||     5
Armor: Scale mail        |    87 |   115 ||   202
Dodge: Dodged            |    41 |    60 ||   101
Block: Kite shield       |    61 |   106 ||   167

Table legend: (Time is in decaauts)
 A = Elapsed time spent in this place.
 B = Non-inter-level travel time spent in this place.
 C = Inter-level travel time spent in this place.
 D = Time resting spent in this place.
 E = Time spent auto-exploring this place.
 F = Levels seen in this place.
 G = Mean time per level.
                   A        B        C        D        E       F      G
               +--------+--------+--------+--------+--------+-----+--------+
         Total |   4323 |   4323 |      0 |   1109 |   2397 |   4 | 1080.8 |
       Dungeon |   4323 |   4323 |      0 |   1109 |   2397 |   4 | 1080.8 |
               +--------+--------+--------+--------+--------+-----+--------+

Top non-repeatable levels by time:
     D:3: 1439 daAuts
     D:1: 1435 daAuts
     D:2: 1288 daAuts
     D:4: 160 daAuts
